 Dungeon Crawl Stone Soup version 0.22-a0-580-gd5db89c (webtiles) character file.

1937 HAL9000 the Slicer (level 9, -8/42 HPs)
             Began as a Vine Stalker Assassin on July 2, 2018.
             Was a Believer of Dithmenos.
             Killed from afar by an electric eel (10 damage)
             ... with a bolt of electricity
             ... on level 7 of the Dungeon.
             The game lasted 00:20:30 (7375 turns).

HAL9000 the Slicer (Vine Stalker Assassin)          Turns: 7375, Time: 00:20:31

Health: -8/42      AC:  8    Str: 17    XL:     9   Next: 18%
Magic:  0/10       EV: 11    Int: 11    God:    Dithmenos [**....]
Gold:   288        SH:  5    Dex: 16    Spells: 8/8 levels left

rFire    x . .     SeeInvis .   P - +1 dagger (drain)
rCold    + . .     Gourm    .   G - +0 buckler
rNeg     . . .     Faith    .   D - +3 leather armour {MR+}
rPois    .         Spirit   +   l - +0 helmet
rElec    .         Reflect  .   d - +0 cloak
rCorr    .         Harm     .   (no gloves)
MR       ++...                  (no boots)
Stlth    +++.......             y - amulet of regeneration
HPRegen  0.94/turn              R - ring of ice
MPRegen  0.12/turn              (no ring)

@: wreathed by umbra
A: fangs 3, regeneration 1, magic shield, antimagic bite, no potion heal 3, rot
immunity
a: Shadow Step, Renounce Religion


You were on level 7 of the Dungeon.
You worshipped Dithmenos.
Dithmenos was pleased with you.
You were not hungry.

You visited 1 branch of the dungeon, and saw 7 of its levels.
You also visited: Ossuary.

You collected 288 gold pieces.

Inventory:

Hand Weapons
 a - a +2 dagger
 b - a +0 blowgun
 J - a +0 rapier
 P - a +1 dagger of draining (weapon)
Missiles
 e - 28 poisoned needles
 p - 6 tomahawks (quivered)
Armour
 d - a +0 cloak (worn)
 l - a +0 helmet (worn)
 D - a +3 leather armour of magic resistance (worn)
 G - a +0 buckler (worn)
Jewellery
 y - an amulet of regeneration (around neck)
 H - an uncursed amulet of magic regeneration
 R - a ring of ice (left hand)
Wands
 K - a wand of polymorph (14)
 S - a wand of disintegration (15)
 W - a wand of enslavement (9)
Scrolls
 h - 3 scrolls of blinking {unknown}
 i - 10 scrolls of teleportation
 k - 2 scrolls of random uselessness {unknown}
 m - 4 scrolls of remove curse
 s - a scroll of fog {unknown}
 t - 3 scrolls of magic mapping {unknown}
 v - 3 scrolls of amnesia {unknown}
 I - a scroll of enchant armour {unknown}
 M - 4 scrolls of identify
 N - 2 scrolls of enchant weapon {unknown}
 U - a scroll of holy word {unknown}
Potions
 j - 2 potions of flight
 o - a potion of lignification
 r - a potion of magic
 x - a potion of agility
 z - 5 potions of mutation
 A - 2 potions of invisibility
 T - a potion of haste {unknown}
 X - a potion of cancellation {unknown}
 Y - a potion of curing {unknown}
Comestibles
 g - 9 rations
 V - a chunk of flesh


   Skills:
 - Level 1.7 Fighting
 - Level 10.0 Short Blades
 - Level 1.7 Throwing
 - Level 0.7 Dodging
 + Level 4.9 Stealth
 - Level 4.0 Shields


You had 8 spell levels left.
You didn't know any spells.
Your spell library contained the following spells:

 Spells                   Type           Power        Failure   Level  Hunger
 Stone Arrow              Conj/Erth      #.....       78%         3    ####...
 Spider Form              Tmut/Pois      #.........   78%         3    ####...
 Blade Hands              Tmut           #.........   100%        5    ######.
 Ice Form                 Ice/Tmut       #.......     99%         4    #####..
 Passwall                 Tmut/Erth      #.......     54%         2    ###....
 Sticks to Snakes         Tmut           #.......     54%         2    ###....
 Lee's Rapid Deconstruct  Erth           #.........   100%        5    ######.
 Sandblast                Erth           #.....       41%         1    ##.....
 Petrify                  Tmut/Erth      #.......     99%         4    #####..
 Beastly Appendage        Tmut           #.....       41%         1    ##.....


Dungeon Overview and Level Annotations

Branches:
Dungeon (7/15)             Temple (0/1) D:5

Altars:
Dithmenos
Fedhas
Nemelex Xobeh
Okawaru
Xom
The Shining One

Shops:
D:4 (

Annotations:
D:6 1 runed door, kae's ghost, novice DsTm


Innate Abilities, Weirdness & Mutations

You have razor-sharp teeth.
Your natural rate of healing is unusually fast.
When hurt, damage is shared between your health and your magic reserves.
Your bite disrupts and absorbs the magic of your enemies.
Potions cannot restore your health.
You are immune to rotting.


Message History

You see here an orc skeleton.
You open the door.
The electric eel shoots out a bolt of lightning at you!
The bolt of electricity hits you!
Evoke which item? (* to show all) (? for menu, Esc to quit)
Aiming: Enslavement
Press: ? - help, Shift-Dir - straight line, f - electric eel
Aim: an electric eel (chance to defeat MR: 54%)
Okay, then.
The electric eel shoots out a bolt of lightning at you!
The bolt of electricity hits the plant.
The bolt of electricity hits you! x2
The electric eel shoots out a bolt of lightning at you!
The bolt of electricity hits you!
The electric eel shoots out a bolt of lightning at you!
The bolt of electricity hits the plant.
The bolt of electricity hits you!
* * * LOW HITPOINT WARNING * * *
There is an open door here.
The electric eel shoots out a bolt of lightning at you!
The bolt of electricity hits you!
You die...

#.# #≈# ..P..;#.# #.#. #.# #.#+
.P.≈;≈#.# ###.#. #.# #..#
..!)≈##≈###..... #.#
.##.##########≈##.###. #.#
###.##≈≈##..P;≈;##≈#.# #. #.#
..>..##≈#...P..≈≈#≈#.# ## #.#
##.#...#÷#....≈??;#.#.# #.#..
..#.#.#.#'..P.(≈≈#.#.#
#.#.####.#.#.#.@#..≈.!≈##'#.#
#.#.#..#.#.#.##.########)...#
#.#.#..#...#..###.....)))...###
#.#.#..#.#........#######.....#
#.#.#....#.##...### #)....#
#.#.##...#.###### #.....#
#.#........# #.....#
##.######.####### #.....#
#..............>. #.....#


You could see 2 electric eels.

Vanquished Creatures
  An ogre (D:4)
  2 orc warriors
  An ice beast (D:7)
  A centaur (D:7)
  A big kobold (D:7)
  3 bullfrogs (D:6)
  2 scorpions (D:4)
  A water moccasin skeleton (D:4)
  3 centaur zombies (Ossuary)
  2 crimson imps
  2 hounds
  4 orc wizards
  5 orc priests
  3 jellies
  2 bullfrog skeletons
  An iguana (D:6)
  Ijyb (D:5)
  A worker ant (D:5)
  3 big kobold zombies (Ossuary)
  6 mummies (Ossuary)
  A worker ant zombie (D:6)
  A howler monkey zombie (D:7)
  9 adders
  A shadow imp (D:3)
  3 oozes
  3 worms
  4 dart slugs
  4 leopard geckos
  17 orcs
  7 bats
  5 giant cockroaches
  4 goblins
  2 hobgoblins (D:3)
  13 jackals
  A quokka (D:3)
  12 frilled lizards
  3 hobgoblin zombies (Ossuary)
  10 kobolds
  A leopard gecko skeleton (D:5)
  9 rats
155 creatures vanquished.

Notes
Turn   | Place    | Note
-------+----------+-------------------------------------------
     0 | D:1      | HAL9000 the Vine Stalker Assassin began the quest for the Orb.
     0 | D:1      | Reached XP level 1. HP: 11/11 MP: 2/2
    37 | D:1      | Reached skill level 2 in Short Blades
    70 | D:1      | Reached XP level 2. HP: 15/15 MP: 3/3
   423 | D:1      | Reached skill level 3 in Short Blades
   686 | D:2      | Reached XP level 3. HP: 18/18 MP: 4/4
   782 | D:2      | Found a sparkling altar of Nemelex Xobeh.
  1252 | D:2      | Gained mutation: Your natural rate of healing is unusually fast. [Vine Stalker growth]
  1252 | D:2      | Reached XP level 4. HP: 18/23 MP: 3/5
  1276 | D:2      | Reached skill level 4 in Short Blades
  1723 | D:2      | Found a hide-covered altar of Uskayaw.
  1725 | D:2      | Found a shadowy altar of Dithmenos.
  1725 | D:2      | Found a glowing golden altar of the Shining One.
  1727 | D:2      | Found an iron altar of Okawaru.
  1727 | D:2      | Found an ornate altar of the Wu Jian Council.
  1727 | D:2      | Found a shimmering altar of Xom.
  2598 | D:3      | Reached XP level 5. HP: 26/26 MP: 6/6
  2902 | D:3      | Found a glowing golden altar of the Shining One.
  3308 | D:4      | Reached skill level 5 in Short Blades
  3421 | D:4      | Reached XP level 6. HP: 20/30 MP: 7/7
  3556 | D:4      | Reached skill level 6 in Short Blades
  3650 | D:4      | Found a shadowy altar of Dithmenos.
  3812 | D:4      | Found Git Putz's Weapon Emporium.
  3915 | D:4      | Became a worshipper of Dithmenos the Shadowed
  4026 | D:4      | Reached XP level 7. HP: 34/34 MP: 8/8
  4222 | D:4      | Reached skill level 7 in Short Blades
  4467 | D:5      | Entered Level 5 of the Dungeon
  4692 | D:5      | Found a staircase to the Ecumenical Temple.
  4941 | D:5      | Noticed Ijyb
  4956 | D:5      | Killed Ijyb
  5213 | D:5      | Reached skill level 1 in Shields
  5508 | D:6      | Gained mutation: You have razor-sharp teeth. [Vine Stalker growth]
  5508 | D:6      | Reached XP level 8. HP: 38/38 MP: 9/9
  5813 | D:6      | Reached skill level 8 in Short Blades
  6124 | D:6      | Found a blossoming altar of Fedhas.
  6133 | D:6      | Found a runed door.
  6133 | D:6      | Found a shimmering altar of Xom.
  6133 | D:6      | Noticed kae's ghost (novice DsTm)
  6135 | D:6      | Noticed a short sword of chaos
  6180 | D:6      | Reached * piety under Dithmenos
  6716 | D:7      | Found a sand-covered staircase.
  6732 | Ossuary  | Entered an ossuary
  6908 | Ossuary  | Reached skill level 9 in Short Blades
  7026 | D:7      | Reached XP level 9. HP: 39/42 MP: 10/10
  7043 | D:7      | Reached ** piety under Dithmenos
  7261 | D:7      | Reached skill level 10 in Short Blades
  7374 | D:7      | HP: 1/42 [electric eel/bolt of electricity (12)]
  7375 | D:7      | Killed from afar by an electric eel

Vault maps used:
D:1:      co_arrival_square_in_a_square_in_a_square
D:2:      nemelex_xobeh_ov_fountains_minmay, doesnt_xom_only_xom,
          minmay_misc_feat_x
D:3:      nicolae_tso_carved_into_rock, minmay_cut_off
D:4:      first_ration, serial_shops, nicolae_shop_trees,
          grunt_dithmenos_smoke_and_mirrors
D:5:      minmay_temple_entry_purple_smoke, uniq_ijyb
D:6:      ebering_ghost_xom, minivault_27, fedhas_bush_and_centaur_altar
D:7:      cheibrodos_two_vegetables, nicolae_ossuary_entry_plus
Ossuary:  ossuary_the_hunt_dpeg

Skill      XL: |  1  2  3  4  5  6  7  8  9 |
---------------+----------------------------+-----
Short Blades   | 2 3 4 5 6 7 9 10 | 10.0
Shields        | 2 4 |  4.0
Fighting       | |  1.7
Throwing       | |  1.7
Dodging        | |  0.7
Stealth        | |  4.9

Action                   |  1- 3 |  4- 6 |  7- 9 || total
-------------------------+-------+-------+-------++-------
Melee: Dagger            |    77 |   174 |   360 ||   611
       Bite              |    25 |    46 |   132 ||   203
 Fire: Blowgun           |     9 |     7 |    15 ||    31
Throw: Tomahawk          |       |       |     1 ||     1
  Use: Scroll            |       |     1 |     8 ||     9
       Potion            |       |       |     1 ||     1
 Stab: Sleeping          |     8 |    14 |    11 ||    33
  Eat: Chunk             |       |     9 |     8 ||    17
       Ration            |       |       |     1 ||     1
Armor: Robe              |    18 |     4 |       ||    22
       Leather armour    |       |    40 |    54 ||    94
Dodge: Dodged            |    31 |    58 |    98 ||   187
Block: Buckler           |       |       |    39 ||    39

Table legend:
 A = Spawn XP
 B = Non-spawn XP
 C = Spawn XP percentage of total XP
 D = Spawn monster count
 E = Non-spawn monster count
 F = Spawn count percentage of total count
 G = Total turns spent on level
                    A         B        C        D         E        F      G
               +---------+---------+-------+---------+---------+-------+---------
         Total |       0 |    2768 |   0.0 |       0 |     155 |   0.0 |  7375
               +---------+---------+-------+---------+---------+-------+---------
           D:1 |       0 |      32 |   0.0 |       0 |      16 |   0.0 |   665
           D:2 |       0 |      76 |   0.0 |       0 |      23 |   0.0 |  1452
           D:3 |       0 |      87 |   0.0 |       0 |      23 |   0.0 |  1139
           D:4 |       0 |     604 |   0.0 |       0 |      23 |   0.0 |  1211
           D:5 |       0 |     297 |   0.0 |       0 |      15 |   0.0 |   991
           D:6 |       0 |     569 |   0.0 |       0 |      17 |   0.0 |  1149
           D:7 |       0 |     779 |   0.0 |       0 |      23 |   0.0 |   516
       Ossuary |       0 |     324 |   0.0 |       0 |      15 |   0.0 |   252
               +---------+---------+-------+---------+---------+-------+---------
